 Dungeon Crawl Stone Soup version 0.19.5 (webtiles) character file.

222 miragecloak the Cudgeler (level 5, -5/45 HPs)
             Began as a Draconian Abyssal Knight on Apr 21, 2017.
             Was a Believer of Lugonu.
             Slain by an iguana (12 damage)
             ... on level 3 of the Dungeon.
             The game lasted 00:03:48 (3033 turns).

miragecloak the Cudgeler (Draconian Abyssal Knight) Turns: 3033, Time: 00:03:48

Health: -5/45      AC:  7    Str: 15    XL:     5   Next: 66%
Magic:  7/7        EV: 12    Int: 12    God:    Lugonu [**....]
Gold:   147        SH:  0    Dex: 11    Spells: 0 memorised, 4 levels left

rFire  . . .     SeeInvis .     a - +1 mace
rCold  . . .     Gourm    .     (armour unavailable)
rNeg   . . .     Faith    .     (no shield)
rPois  +         Spirit   .     (helmet restricted)
rElec  .         Reflect  .     (no cloak)
rCorr  .         Harm     .     (no gloves)
MR     .....                    (no boots)
Stlth  +.........               (no amulet)
                                u - ring of poison resistance
                                m - +2 ring of protection

@: no status effects
A: unfitting armour, cold-blooded, AC +5
a: Depart the Abyss, Bend Space, Renounce Religion


You were on level 3 of the Dungeon.
You worshipped Lugonu.
Lugonu was pleased with you.
You were not hungry.

You visited 1 branch of the dungeon, and saw 4 of its levels.
You visited the Abyss 1 time.

You collected 147 gold pieces.

Inventory:

Hand Weapons
 a - a +1 mace (weapon)
Jewellery
 m - a +2 ring of protection (left hand)
 u - a ring of poison resistance (right hand)
Wands
 n - a wand of flame (30/48)
Scrolls
 e - 4 scrolls of identify {unknown}
 f - 3 scrolls of magic mapping {unknown}
 g - a scroll of random uselessness {unknown}
 h - a scroll of blinking {unknown}
 i - 2 scrolls of remove curse {unknown}
 k - a scroll of fear {unknown}
 l - a scroll of noise {unknown}
 o - a scroll of teleportation {unknown}
 t - a scroll of immolation {unknown}
Potions
 c - a potion of agility {unknown}
 d - 4 potions of curing {unknown}
 j - a potion of ambrosia {unknown}
 p - a potion of heal wounds {unknown}
 q - a potion of resistance {unknown}
 s - a potion of lignification {unknown}
Comestibles
 r - a meat ration


   Skills:
 - Level 3.2 Fighting
 * Level 5.1 Maces & Flails
 - Level 2.1 Dodging
 + Level 3.9 Invocations


You had 4 spell levels left.
You didn't know any spells.

Dungeon Overview and Level Annotations

Branches:
Dungeon (4/15)
 Temple: D:4-7

Altars:
Elyvilon
Trog
Uskayaw
Zin
The Shining One

Annotations:
D:4 Shinoi's ghost, amateur HESk


Innate Abilities, Weirdness & Mutations

Your plain brown scales are hard. (AC +5)
You cannot fit into any form of body armour.
You are cold-blooded and may be slowed by cold attacks.


Message History

* * * LOW HITPOINT WARNING * * *
You hit the iguana.
The iguana is lightly wounded.
The iguana misses you.
You hit the iguana.
The iguana is lightly wounded.
The iguana closely misses you. x2
You hit the iguana.
The iguana is lightly wounded.
The iguana bites you but does no damage.
You closely miss the iguana.
The iguana is lightly wounded.
The iguana closely misses you.
You hit the iguana but do no damage.
The iguana is lightly wounded.
The iguana barely misses you.
You hit the iguana.
The iguana is heavily wounded.
The iguana bites you!
You die...

# #.........(..##.....# ##
#..###...###.######.# .# #..#
#...# #.# ##.#
.#########..###...###.# #..#
........##......).....# #.##
...................########.####
#.##############.#.####........#
#.##### #.#.............#
#.....# #@######........#
#.....# #l# #........# #.....#
#.# #........# #.....# #.#
########## #.....##########.##
..................#########
)._....#########..........#
.......# ##.........# #####..#
#.........#


You could see an iguana.

Vanquished Creatures
  A scorpion (D:4)
  An orc priest (D:3)
  Jessica (D:2)
  4 adders
  4 worms
  3 dart slugs
  2 leopard geckos
  An orc (D:3)
  2 giant cockroaches
  8 goblins
  9 hobgoblins
  5 jackals
  A quokka (D:2)
  A ball python (D:2)
  5 bats
  3 frilled lizards
  7 kobolds
  6 rats
64 creatures vanquished.

Vanquished Creatures (others)
  A plant (D:1)
1 creature vanquished.

Grand Total: 65 creatures vanquished

Notes
Turn   | Place    | Note
-------+----------+-------------------------------------------
     0 | Abyss:1  | miragecloak the Draconian Abyssal Knight began the quest for the Orb.
     0 | Abyss:1  | Reached XP level 1. HP: 19/19 MP: 2/2
     0 | D:1      | Escaped the Abyss
   253 | D:1      | Reached XP level 2. HP: 17/26 MP: 3/3
   716 | D:1      | Reached * piety under Lugonu
  1022 | D:2      | Reached skill level 3 in Maces & Flails
  1026 | D:2      | Found a faded altar of an unknown god.
  1043 | D:2      | Reached XP level 3. HP: 25/31 MP: 4/4
  1278 | D:2      | Found a bloodstained altar of Trog.
  1843 | D:2      | Found a white marble altar of Elyvilon.
  1845 | D:2      | Found a glowing golden altar of the Shining One.
  1846 | D:2      | Found a glowing silver altar of Zin.
  1967 | D:2      | Reached XP level 4. HP: 38/38 MP: 6/6
  2093 | D:3      | Noticed Jessica
  2103 | D:2      | Killed Jessica
  2103 | D:2      | Reached skill level 4 in Maces & Flails
  2381 | D:3      | Found a hide-covered altar of Uskayaw.
  2381 | D:3      | Noticed a hand axe
  2382 | D:3      | Noticed a dagger
  2390 | D:3      | Reached ** piety under Lugonu
  2541 | D:3      | Reached XP level 5. HP: 42/45 MP: 7/7
  2807 | D:4      | Noticed Shinoi's ghost (amateur HESk)
  2854 | D:4      | Noticed an ogre
  2928 | D:3      | Reached skill level 5 in Maces & Flails
  3033 | D:3      | Slain by an iguana

Skill      XL: |  1  2  3  4  5 |
---------------+----------------+-----
Maces & Flails | 3 4 5 |  5.1
Invocations    | 3 |  3.9
Fighting       | |  3.2
Dodging        | |  2.1

Action                   |  1- 3 |  4- 6 || total
-------------------------+-------+-------++-------
Melee: Mace              |   142 |   108 ||   250
       Tailslap          |    13 |    14 ||    27
Invok: Depart the Abyss  |     1 |       ||     1
 Stab: Sleeping          |     1 |     1 ||     2
       Distracted        |     1 |       ||     1
  Eat: Chunk             |     3 |     2 ||     5
       Bread ration      |       |     1 ||     1
Armor: Skin              |    61 |    39 ||   100
Dodge: Dodged            |   102 |    66 ||   168
